 Dungeon Crawl Stone Soup version 0.20-b1-2-gc5a9893 (webtiles) character file.

7012 Jawreze the Carver (level 11, -10/75 HPs)
             Began as a Human Fighter on May 21, 2017.
             Was a Believer of Okawaru.
             Mangled by a troll (11 damage)
             ... on level 11 of the Dungeon.
             The game lasted 00:26:46 (13403 turns).

Jawreze the Carver (Human Fighter)                 Turns: 13403, Time: 00:26:46

Health: -10/75     AC: -5    Str: 17    XL:     11   Next: 29%
Magic:  11/11      EV: 12    Int: 17    God:    Okawaru [**....]
Gold:   432        SH: 11    Dex: 12    Spells: 10/10 levels left

rFire    + + .     SeeInvis .   A - +12 dagger "Sanliav" {pierce, *Corrode +Inv rF++ Int+2}
rCold    + + .     Gourm    .   c - +0 shield
rNeg     . . .     Faith    .   B - +2 robe {MR+}
rPois    .         Spirit   .   p - +0 helmet
rElec    +         Reflect  .   R - +0 cloak
rCorr    .         Harm     .   (no gloves)
MR       +....                  (no boots)
Stlth    ..........             (no amulet)
Regen    0.3/turn               w - +2 ring of evasion
MPRegen  0.2/turn               a - ring "Dioxkef" {+Fly rElec rC++ Int+3 Stlth-}

@: about to teleport, corroded
A: no striking features
a: Heroism, Renounce Religion, Evoke Invisibility, Evoke Flight


You were on level 11 of the Dungeon.
You worshipped Okawaru.
Okawaru was pleased with you.
You were near starving.

You visited 2 branches of the dungeon, and saw 12 of its levels.
You also visited: Sewer.

You collected 487 gold pieces.
You spent 55 gold pieces at shops.

Inventory:

Hand Weapons
 q - a +0 hunting sling
 A - the +12 dagger "Sanliav" (weapon) {pierce, *Corrode +Inv rF++ Int+2}
   (You found it on level 4 of the Dungeon)

   It inflicts extra damage upon your enemies.
   It affects your intelligence (+2).
   It greatly protects you from fire.
   It lets you turn invisible.
   It may corrode you when you take damage.
 J - a +2 long sword of draining
 T - the +7 trident of the Briny Deep {pierce, rN+}
   (You found it on level 8 of the Dungeon)

   It inflicts extra damage upon your enemies.
   It protects you from negative energy.
 U - a +4 long sword of freezing
 Z - a +8 scimitar of freezing
Missiles
 r - 51 sling bullets
 s - 218 stones (quivered)
Armour
 b - a +0 scale mail
 c - a +0 shield (worn)
 p - a +0 helmet (worn)
 B - a +2 robe of magic resistance (worn)
 R - a +0 cloak (worn)
Jewellery
 a - the ring "Dioxkef" (right hand) {+Fly rElec rC++ Int+3 Stlth-}
   (You took it off an orc on level 7 of the Dungeon)

   [ring of flight]

   It affects your intelligence (+3).
   It greatly protects you from cold.
   It insulates you from electricity.
   It lets you fly.
   It makes you less stealthy.
 w - a +2 ring of evasion (left hand)
 K - a +1 ring of slaying
 S - an uncursed ring of protection from cold {unknown}
Wands
 d - a wand of flame (28/48)
 P - a wand of flame (26/48)
 Q - a wand of iceblast (0/15)
 W - a wand of clouds (0/9)
Scrolls
 e - 3 scrolls of magic mapping
 i - 3 scrolls of blinking
 j - 6 scrolls of remove curse
 l - 13 scrolls of identify
 m - 2 scrolls of recharging {unknown}
 t - 2 scrolls of fear {unknown}
 u - 2 scrolls of noise {unknown}
 y - 3 scrolls of enchant weapon
 z - 2 scrolls of enchant armour {unknown}
 H - a scroll of immolation {unknown}
Potions
 g - a potion of mutation {unknown}
 k - 2 potions of heal wounds
 n - a potion of experience {unknown}
 v - a potion of cancellation {unknown}
 x - 3 potions of berserk rage {unknown}
 C - 2 potions of haste {unknown}
 D - 4 potions of flight {unknown}
 E - 2 potions of ambrosia {unknown}
 F - a potion of lignification {unknown}
 N - 3 potions of curing {unknown}
Books
 G - a book of Air

   Spells                             Type                      Level
   a - Shock                          Conjuration/Air              1
   b - Swiftness                      Charms/Air                   2
   c - Static Discharge               Conjuration/Air              3
   d - Airstrike                      Air                          4
   e - Lightning Bolt                 Conjuration/Air              5
 I - a book of Conjurations

   Spells                             Type                      Level
   a - Magic Dart                     Conjuration                  1
   b - Searing Ray                    Conjuration                  2
   c - Dazzling Spray                 Conjuration/Hexes            3
   d - Fulminant Prism                Conjuration/Hexes            4
   e - Force Lance                    Conjuration/Translocation    4
   f - Iskenderun's Mystic Blast      Conjuration                  4
 M - a book of Frost

   Spells                             Type                      Level
   a - Freeze                         Ice                          1
   b - Throw Frost                    Conjuration/Ice              2
   c - Ozocubu's Armour               Charms/Ice                   3
   d - Throw Icicle                   Conjuration/Ice              4
   e - Summon Ice Beast               Ice/Summoning                4
 V - a book of Changes

   Spells                             Type                      Level
   a - Beastly Appendage              Transmutation                1
   b - Sticks to Snakes               Transmutation                2
   c - Spider Form                    Transmutation/Poison         3
   d - Ice Form                       Ice/Transmutation            4
   e - Blade Hands                    Transmutation                5
 Y - a book of Flames

   Spells                             Type                      Level
   a - Flame Tongue                   Conjuration/Fire             1
   b - Throw Flame                    Conjuration/Fire             2
   c - Conjure Flame                  Conjuration/Fire             3
   d - Inner Flame                    Hexes/Fire                   3
   e - Sticky Flame                   Conjuration/Fire             4
   f - Fireball                       Conjuration/Fire             5
Comestibles
 f - 13 bread rations
 o - 5 royal jellies
 L - 2 meat rations
 O - 4 fruits


   Skills:
 - Level 3.0 Fighting
 + Level 13.6 Long Blades
 - Level 3.0 Armour
 + Level 9.6 Shields


You had 10 spell levels left.
You didn't know any spells.

Dungeon Overview and Level Annotations

Branches:
Dungeon (11/15)            Temple (1/1) D:7
   Lair: D:8-11         Orc: D:9-12

Altars:
Ashenzari
Fedhas
Gozag
Makhleb
Nemelex Xobeh
Okawaru
Qazlal
Ru
Trog
Yredelemnul
Zin
The Shining One

Shops:
D:6 *   D:10 *

Annotations:
D:8 2 transporters


Message History

The troll is lightly wounded.
The troll completely misses you. The troll claws you.
* * * LOW HITPOINT WARNING * * *
Your corrosive artefact corrodes you!
The troll closely misses you.
There is a stone staircase leading down here.
You block the troll's attack. The troll claws you!
* * * LOW HITPOINT WARNING * * *
The troll claws you!
* * * LOW HITPOINT WARNING * * *
You climb downwards.
A leopard gecko, a hound, 7 kobolds and a big kobold come into view.
A kobold is wielding a dagger of freezing.
The big kobold shouts!
The kobold shouts! x7; The hound barks!
The leopard gecko hisses angrily.
There is a stone staircase leading up here.
As you read the scroll of teleportation, it crumbles to dust.
You feel strangely unstable. You block the troll's attack. The troll claws you.
* * * LOW HITPOINT WARNING * * *
The troll claws you!
You die...

......l......#
.............#
.............#
.............#
.K.....h.....##
...............
.K.....T.......
.K.K...@.......
.....K........#
.K.K..........#
K.............#
..............#
..............#
..............#
..............#


You could see a troll, a big kobold, a hound, a leopard gecko and 7 kobolds.

Vanquished Creatures
  2 two-headed ogres
  A centaur skeleton (D:10)
  A troll (D:9)
  A hippogriff (D:9)
  The ghost of Jawreze the Quickloader, an amateur KoHu (D:4)
  A wraith (D:10)
  Sigmund (D:4)
  A spriggan (D:7)
  A wyvern (D:8)
  Eustachio (D:6)
  Menkaure (D:6)
  A water moccasin (D:10)
  3 sky beasts
  3 ice beasts
  2 orc warriors
  A phantom (D:8)
  2 ogres
  3 centaurs
  A crocodile (D:7)
  2 big kobolds
  3 bullfrogs
  A water moccasin skeleton (D:9)
  A scorpion (D:4)
  17 wights
  2 howler monkeys
  7 crimson imps
  2 centaur zombies (D:7)
  A quasit (D:9)
  3 hounds
  10 orc priests
  4 bullfrog skeletons
  5 orc wizards
  2 worker ants (D:4)
  2 iguanas
  A hound zombie (D:6)
  A worker ant zombie (D:9)
  12 adders
  A howler monkey skeleton (D:8)
  4 river rats (Sewer)
  2 shadow imps
  2 oozes
  An adder skeleton (D:9)
  2 worms (D:6)
  3 dart slugs
  8 leopard geckos
  30 orcs
  2 ball pythons (D:10)
  9 bats
  8 giant cockroaches
  9 hobgoblins
  10 jackals
  20 kobolds
  2 quokkas
  5 frilled lizards
  4 goblins
  A jackal skeleton (D:6)
  A jackal zombie (D:8)
  8 rats
236 creatures vanquished.

Notes
Turn   | Place    | Note
-------+----------+-------------------------------------------
     0 | D:1      | Jawreze the Human Fighter began the quest for the Orb.
     0 | D:1      | Reached XP level 1. HP: 18/18 MP: 1/1
   349 | D:1      | Reached XP level 2. HP: 20/24 MP: 2/2
   616 | D:1      | Reached skill level 3 in Long Blades
   828 | D:1      | Reached XP level 3. HP: 29/29 MP: 3/3
  1680 | D:2      | Found a sacrificial altar of Ru.
  2468 | D:3      | Reached skill level 4 in Long Blades
  2468 | D:3      | Reached XP level 4. HP: 24/35 MP: 4/4
  3150 | D:3      | Reached XP level 5. HP: 27/41 MP: 5/5
  3391 | D:3      | Noticed a big kobold
  3415 | D:3      | Killed a big kobold
  3415 | D:3      | Reached skill level 5 in Long Blades
  3815 | D:3      | Reached XP level 6. HP: 40/47 MP: 6/6
  4149 | D:4      | Reached skill level 6 in Long Blades
  4244 | D:4      | Found a bloodstained altar of Trog.
  4248 | D:4      | Got a smoking dagger
  4249 | D:4      | Identified the +12 dagger "Sanliav" {pierce, *Corrode +Inv rF++ Int+2} (You found it on level 4 of the Dungeon)
  4270 | D:4      | Noticed Sigmund
  4281 | D:4      | Killed Sigmund
  4281 | D:4      | Reached skill level 7 in Long Blades
  4281 | D:4      | Reached XP level 7. HP: 43/52 MP: 7/7
  4282 | D:4      | Noticed Jawreze's ghost (amateur KoHu)
  4288 | D:4      | Killed Jawreze's ghost
  4288 | D:4      | Reached skill level 8 in Long Blades
  4829 | D:4      | Reached XP level 8. HP: 32/58 MP: 8/8
  5272 | D:5      | Entered Level 5 of the Dungeon
  5445 | D:5      | Reached skill level 9 in Long Blades
  6322 | D:5      | Reached skill level 10 in Long Blades
  6423 | D:5      | Found a sparkling altar of Nemelex Xobeh.
  6902 | D:6      | Found Etruot's General Store.
  6905 | D:6      | Bought a potion of heal wounds for 55 gold pieces
  6940 | D:6      | Found a glowing drain.
  6962 | Sewer    | Entered a sewer
  7046 | Sewer    | Reached XP level 9. HP: 55/63 MP: 9/9
  7108 | Sewer    | Found a white marble altar of Elyvilon.
  7220 | D:6      | Noticed Menkaure
  7634 | D:6      | Reached skill level 11 in Long Blades
  7850 | D:6      | Noticed Eustachio
  7859 | D:6      | Killed Eustachio
  7984 | D:6      | Killed Menkaure
  8416 | D:7      | Noticed a two-headed ogre
  8580 | D:8      | Reached skill level 5 in Shields
  8842 | D:7      | Killed a two-headed ogre
  8842 | D:7      | Reached skill level 12 in Long Blades
  8842 | D:7      | Reached XP level 10. HP: 49/70 MP: 10/10
  9008 | D:7      | Got a pitted pewter ring
  9543 | D:7      | Found a staircase to the Ecumenical Temple.
  9549 | Temple   | Entered the Ecumenical Temple
  9558 | Temple   | Became a worshipper of Warmaster Okawaru
  9665 | D:8      | Noticed a two-headed ogre
  9674 | D:8      | Killed a two-headed ogre
  9839 | D:8      | Got an ancient trident
  9840 | D:8      | Identified the +7 trident of the Briny Deep {pierce, rN+} (You found it on level 8 of the Dungeon)
  9920 | D:8      | Noticed a yaktaur
  9921 | D:8      | Noticed a centaur warrior
  9924 | D:8      | Found an opulent altar of Gozag.
  9937 | D:8      | a yaktaur changed into a troll
  9938 | D:8      | Found a shattered altar of Ashenzari.
  9997 | D:8      | Noticed a spiny frog
  9997 | D:8      | a basilisk changed into a spiny frog
 10037 | D:8      | a spiny frog changed into a golden eye
 10861 | D:9      | Found a stormy altar of Qazlal.
 11075 | D:9      | Reached * piety under Okawaru
 11526 | D:9      | Reached skill level 13 in Long Blades
 11832 | D:9      | Reached XP level 11. HP: 54/75 MP: 11/11
 12059 | D:10     | Entered Level 10 of the Dungeon
 12270 | D:10     | Reached ** piety under Okawaru
 12403 | D:10     | Found Qocaesup's Serpentskin Sales.
 12480 | D:10     | Identified the ring "Dioxkef" {+Fly rElec rC++ Int+3 Stlth-} (You took it off an orc on level 7 of the Dungeon)
 13401 | D:10     | HP: 1/75 [troll (10)]
 13403 | D:11     | Mangled by a troll

Skill      XL: |  1  2  3  4  5  6  7  8  9 10 11 |
---------------+----------------------------------+-----
Long Blades    | 3 4 5 7 8 10 12 13 | 13.6
Shields        | 6 8 9 |  9.6
Fighting       | |  3.0
Armour         | |  3.0

Action                   |  1- 3 |  4- 6 |  7- 9 | 10-12 || total
-------------------------+-------+-------+-------+-------++-------
Melee: Long sword        |   134 |   191 |       |     5 ||   330
       Dagger            |       |     3 |   244 |   268 ||   515
       Scimitar          |       |       |       |    19 ||    19
Evoke: Wand              |       |       |     2 |     5 ||     7
  Use: Potion            |       |     1 |       |     6 ||     7
       Scroll            |       |       |       |     8 ||     8
  Eat: Chunk             |     5 |     6 |    15 |     7 ||    33
       Meat ration       |       |       |       |     1 ||     1
Armor: Scale mail        |    81 |    93 |       |       ||   174
       Robe              |       |       |    31 |    51 ||    82
Dodge: Dodged            |    34 |    59 |    53 |    85 ||   231
Block: Shield            |    71 |   114 |    76 |   103 ||   364
       Rpst.: Long sword |    11 |    24 |       |       ||    35
       Scimitar          |       |       |       |     1 ||     1
